 Dungeon Crawl Stone Soup version 0.29.0-4-gdea44cf6ec (webtiles) character file.

Game seed: 14566138664796945075

194 qw the Chopper (level 5, -2/30 HPs)
             Began as a Tengu Warper on Aug 28, 2022.
             Slain by Duvessa
             ... wielding a +0 short sword
              (10 damage)
             ... on level 4 of the Dungeon.
             The game lasted 00:00:20 (2963 turns).

qw the Chopper (Tengu Warper)                       Turns: 2963, Time: 00:00:20

Health: -2/30      AC:  8    Str: 20    XL:     5   Next: 73%
Magic:  9/9        EV:  9    Int: 13    God:
Gold:   183        SH:  0    Dex: 13    Spells: 8/8 levels left

rFire   + . .      SeeInvis +   Y - +0 hand axe
rCold   + . .      Faith    .   (no shield)
rNeg    + + .      Spirit   .   d - +0 chain mail
rPois   +          Reflect  .   (helmet restricted)
rElec   .          Harm     .   (no cloak)
rCorr   .          Rampage  .   (no gloves)
Will    .....                   (boots unavailable)
Stlth   ..........              (no amulet)
HPRegen 0.10/turn               g - ring "Nuupomoc" {rPois rF+ rN++ Str+6 SInv}
MPRegen 0.11/turn               b - ring of protection from cold

@: flying quickly and evasively, quick
A: beak, talons 3, nimble flight
a: no special abilities


You were on level 4 of the Dungeon.
You visited 1 branch of the dungeon, and saw 4 of its levels.

You collected 183 gold pieces.


Innate Abilities, Weirdness & Mutations

You have a beak for a mouth.
You have claws for feet.
Your magical nature lets you fly swiftly and evasively.


   Skills:
 - Level 2.0 Fighting
 + Level 6.1 Axes
 - Level 1.0 Throwing
 - Level 2.0 Armour
 - Level 2.1 Dodging
 - Level 2.0 Spellcasting
 - Level 2.4 Translocations


You had 8 spell levels left.
You didn't know any spells.
Your spell library contained the following spells:

 Spells                   Type           Power      Damage    Failure   Level
 Blink                    Tloc           14%        N/A       85%         2
 Gell's Gravitas          Tloc           7%         N/A       97%         3
 Lesser Beckoning         Tloc           7%         N/A       97%         3
 Teleport Other           Tloc           7%         N/A       97%         3
 Manifold Assault         Tloc           7%         N/A       100%        5

Inventory:

Hand Weapons
 j - a +0 flail
 Y - a +0 hand axe (weapon)
Missiles
 c - 7 boomerangs (quivered)
Armour
 d - a +0 chain mail (worn)
Jewellery
 b - a ring of protection from cold (right hand)
 g - the ring "Nuupomoc" (left hand) {rPois rF+ rN++ Str+6 SInv}
   (You found it on level 2 of the Dungeon)

   [ring of strength]

   Str:       It affects your strength (+6).
   rF:        It protects you from fire.
   rPois:     It protects you from poison.
   rN:        It greatly protects you from negative energy.
   SInv:      It lets you see invisible.
 k - a ring of willpower
Scrolls
 m - a scroll of identify
 n - a scroll of teleportation
Potions
 a - a potion of flight {unknown}
 e - a potion of lignification {unknown}
 h - 2 potions of heal wounds
 i - a potion of brilliance {unknown}
 l - a potion of degeneration {unknown}

Dungeon Overview and Level Annotations

Branches:
Dungeon (4/15)
 Temple: D:4-7

Altars:

Annotations:
D:2 1 runed translucent door, Crazy Yiuf
D:3 2 transporters, qw's ghost, amateur TeWr
D:4 Dowan; Duvessa


Message History

Duvessa hits you with a +0 short sword. Dowan hits you with a +0 dagger.
You closely miss Duvessa. You claw Duvessa.
Duvessa is lightly wounded.
You closely miss Dowan. Duvessa closely misses you.
Duvessa hits you but does no damage. Dowan hits you but does no damage.
You barely miss Duvessa. Your peck misses Duvessa.
Duvessa is lightly wounded.
You closely miss Dowan. Duvessa hits you with a +0 short sword!
Dowan completely misses you.
You hit Duvessa but do no damage.
Duvessa is lightly wounded.
You hit Dowan.
Duvessa hits you with a +0 short sword. x2; Dowan hits you but does no damage.
You completely miss Duvessa. Your kick misses Duvessa.
Your peck misses Duvessa.
Duvessa is lightly wounded.
You hit Dowan. Duvessa completely misses you. Dowan casts a spell at you.
You resist with some effort.
You hit Duvessa. Your kick misses Duvessa.
Duvessa is moderately wounded.
You hit Dowan. Duvessa hits you with a +0 short sword.
Duvessa hits you but does no damage. Dowan hits you but does no damage.
You closely miss Duvessa. You claw Duvessa, but do no damage.
Duvessa is moderately wounded.
You closely miss Dowan. Duvessa hits you but does no damage.
Dowan hits you but does no damage.
You barely miss Duvessa.
Duvessa is moderately wounded.
You barely miss Dowan.
Duvessa says, "My weaknesses are his strengths!"
Duvessa hits you but does no damage. Duvessa hits you with a +0 short sword.
Dowan hits you with a +0 dagger.
You hit Duvessa but do no damage. You claw Duvessa. You peck Duvessa.
Duvessa is heavily wounded.
You barely miss Dowan. Duvessa hits you with a +0 short sword!
You die...

.... #..# #..#
# #..#.#
##..#.# .....
#.##..#.####
#..e@e......
...........####
####.##.#### #
#.# #.# #.# #.#
..#


You could see Duvessa (fast) and Dowan.

Vanquished Creatures
  A hound (D:3)
  2 orc priests (D:3)
  3 adders
  3 orcs
  5 bats (D:1)
  8 endoplasms
  4 giant cockroaches
  7 goblins
  7 hobgoblins
  4 jackals
  3 quokkas
  7 ball pythons
  3 frilled lizards
  7 kobolds
  9 rats
73 creatures vanquished.

Notes
Turn   | Place    | Note
-------+----------+-------------------------------------------
     0 | D:1      | qw the Tengu Warper began the quest for the Orb.
     0 | D:1      | Reached XP level 1. HP: 12/12 MP: 4/4
     0 | D:1      | 0 ||| qw: Version: 0.1-a-89-g26bdef1
     0 | D:1      | 0 ||| qw: Game counter: 2758
     0 | D:1      | 0 ||| qw: Always use a shield: true
     0 | D:1      | 0 ||| qw: God list: Okawaru
     0 | D:1      | 0 ||| qw: Allow faded altars: false
     0 | D:1      | 0 ||| qw: Do Orc after D:15 true
     0 | D:1      | 0 ||| qw: Do second Lair branch before Depths: true
     0 | D:1      | 0 ||| qw: Lair rune preference: random
     0 | D:1      | 0 ||| qw: Plans: Normal
     0 | D:1      | 0 ||| PLANNING D:1-11
   281 | D:1      | Reached XP level 2. HP: 17/17 MP: 6/6
   283 | D:1      | 283 ||| DROPPING +0 club.
   306 | D:1      | Reached skill level 3 in Axes
   355 | D:1      | Found a faded altar of an unknown god.
   494 | D:1      | 494 ||| Stepping ~*~*~tactically~*~*~ (stealth).
   504 | D:1      | Reached XP level 3. HP: 15/21 MP: 7/7
   507 | D:1      | 507 ||| Stepping ~*~*~tactically~*~*~ (stealth).
   508 | D:1      | 508 ||| Stepping ~*~*~tactically~*~*~ (stealth).
   517 | D:1      | HP: 5/21 [hobgoblin (4)]
   519 | D:1      | Reached skill level 4 in Axes
  1165 | D:1      | 1165 ||| UPGRADING to +0 scale mail.
  1175 | D:1      | 1175 ||| DROPPING +0 leather armour.
  1176 | D:1      | 1176 ||| READING scroll labelled ANERUTTILIWN.
  1177 | D:1      | 1177 ||| DROPPING scroll of blinking.
  1479 | D:2      | 1479 ||| Stepping ~*~*~tactically~*~*~ (stealth).
  1541 | D:2      | Identified the ring "Nuupomoc" {rPois rF+ rN++ Str+6 SInv}
  1596 | D:2      | Reached XP level 4. HP: 25/26 MP: 8/8
  1698 | D:2      | Found a runed translucent door.
  1699 | D:2      | Noticed Crazy Yiuf
  1819 | D:2      | 1819 ||| UPGRADING to ring "Nuupomoc" {rPois rF+ rN++ Str+6
                  | SInv}.
  1820 | D:2      | 1820 ||| READING scroll labelled VUZUS KUGEH.
  1821 | D:2      | 1821 ||| READING scroll labelled PUN YGHOINYZAB ZOH.
  1822 | D:2      | 1822 ||| DRINKING 2 fuming clear potions.
  1851 | D:3      | 1851 ||| STAIRDANCE
  1855 | D:3      | 1855 ||| STAIRDANCE
  1972 | D:3      | 1972 ||| Stepping ~*~*~tactically~*~*~ (hiding).
  1973 | D:3      | 1973 ||| Stepping ~*~*~tactically~*~*~ (hiding).
  1977 | D:3      | Reached skill level 5 in Axes
  1979 | D:3      | Gained mutation: Your magical nature lets you fly swiftly
                  | and evasively. [Tengu growth]
  1979 | D:3      | Reached XP level 5. HP: 30/30 MP: 9/9
  1987 | D:3      | 1987 ||| FLEEEEING.
  1988 | D:3      | 1988 ||| FLEEEEING.
  1990 | D:3      | 1990 ||| FLEEEEING.
  1991 | D:3      | 1991 ||| FLEEEEING.
  1992 | D:3      | 1992 ||| FLEEEEING.
  1993 | D:3      | 1993 ||| FLEEEEING.
  1994 | D:3      | 1994 ||| FLEEEEING.
  1995 | D:3      | 1995 ||| FLEEEEING.
  1996 | D:3      | 1996 ||| FLEEEEING.
  1997 | D:3      | 1997 ||| STAIRDANCE
  2121 | D:2      | 2121 ||| UPGRADING to ring of protection from cold.
  2150 | D:3      | 2150 ||| STAIRDANCE
  2216 | D:3      | 2216 ||| DROPPING +0 whip.
  2416 | D:3      | 2416 ||| Stepping ~*~*~tactically~*~*~ (stealth).
  2418 | D:3      | 2418 ||| Stepping ~*~*~tactically~*~*~ (stealth).
  2471 | D:3      | 2471 ||| Stepping ~*~*~tactically~*~*~ (stealth).
  2472 | D:3      | 2472 ||| Stepping ~*~*~tactically~*~*~ (stealth).
  2475 | D:3      | 2475 ||| Stepping ~*~*~tactically~*~*~ (stealth).
  2480 | D:3      | 2480 ||| Stepping ~*~*~tactically~*~*~ (stealth).
  2498 | D:3      | Found a transporter.
  2509 | D:3      | Found a transporter.
  2513 | D:3      | Noticed qw's ghost (amateur TeWr)
  2623 | D:3      | Reached skill level 6 in Axes
  2891 | D:3      | 2891 ||| UPGRADING to +0 chain mail.
  2901 | D:3      | 2901 ||| DROPPING +0 scale mail.
  2902 | D:3      | 2902 ||| READING 2 scrolls labelled JAESSEZEUN.
  2939 | D:4      | Noticed Duvessa
  2939 | D:4      | Noticed Dowan
  2940 | D:4      | 2940 ||| PLANNING OSSUARY
  2940 | D:4      | 2940 ||| STAIRDANCE
  2944 | D:4      | 2944 ||| STAIRDANCE
  2963 | D:4      | Slain by Duvessa

Levels and vault maps discovered:
D:1:      dpeg_cavernosity, layout_basic, shapermc_ecumenical_altar_mp_highgroup
D:2:      layout_basic, st_stairs_2, uniq_crazy_yiuf_cottage
D:3:      layout_loops_ring, gammafunk_ghost_stat_death
D:4:      layout_basic, kennysheep_slug_shrine, nicolae_ossuary_entry_catacombs,
          nicolae_alphabet_shops, grunt_tough_drop, uniq_blork_the_orc,
          uniq_pikel, uniq_duvessa

Skill      XL: |  1  2  3  4  5 |
---------------+----------------+-----
Axes           | 3 4 5 6 |  6.1
Armour         | 2 |  2.0
Fighting       | |  2.0
Throwing       | |  1.0
Dodging        | |  2.1
Spellcasting   | |  2.0
Translocations | |  2.4

Action                   |  1- 3 |  4- 6 || total
-------------------------+-------+-------++-------
Melee: Hand axe          |    89 |    80 ||   169
       Kick              |    18 |    17 ||    35
       Peck              |    15 |    10 ||    25
Throw: Boomerang         |     7 |    14 ||    21
  Use: Scroll            |     1 |     3 ||     4
       Potion            |       |     1 ||     1
Armor: Leather armour    |    17 |       ||    17
       Scale mail        |    11 |    20 ||    31
       Chain mail        |       |    11 ||    11
Dodge: Dodged            |    43 |    48 ||    91

Table legend:
 A = Non-vault XP
 B = Vault XP
 C = Vault XP percentage of total XP
 D = Non-vault monster count
 E = Vault monster count
 F = Vault count percentage of total count
                 A         B        C        D         E       F
            +---------+---------+-------+---------+---------+-------
      Total |     267 |      11 |   4.0 |      67 |       6 |   8.2
            +---------+---------+-------+---------+---------+-------
        D:1 |      49 |       7 |  12.5 |      29 |       4 |  12.1
        D:2 |      32 |       4 |  11.1 |      11 |       2 |  15.4
        D:3 |     186 |       0 |   0.0 |      27 |       0 |   0.0
            +---------+---------+-------+---------+---------+-------
